 Dungeon Crawl Stone Soup version 0.29.0-13-gc9e81de378 (webtiles) character file.

Game seed: 3600462603159651849

240 LustLizard the Ruffian (level 5, 0/53 HPs)
             Began as a Troll Fighter on Sept 8, 2022.
             Slain by a goblin
             ... wielding a +0 club
             ... led by Robin
              (5 damage)
             ... on level 2 of the Dungeon.
             The game lasted 00:02:13 (1299 turns).

LustLizard the Ruffian (Troll Fighter)              Turns: 1299, Time: 00:02:14

Health: 0/53       AC:  4    Str: 24    XL:     5   Next: 79%
Magic:  4/4        EV:  8    Int:  6    God:
Gold:   159        SH:  7    Dex:  9    Spells: 4/4 levels left

rFire   . . .      SeeInvis .     - Unarmed
rCold   . . .      Faith    .   b - +0 kite shield
rNeg    . . .      Spirit   .   a - +0 robe
rPois   .          Reflect  .   (helmet restricted)
rElec   .          Harm     .   (no cloak)
rCorr   .          Rampage  .   (gloves unavailable)
Will    .....                   (boots unavailable)
Stlth   +.........              (no amulet)
HPRegen 0.97/turn               (no ring)
MPRegen 0.09/turn               (no ring)

@: mighty
A: large, unfitting armour, claws 3, regeneration 1, shaggy fur 1, tough skin 1
a: no special abilities


You were on level 2 of the Dungeon.
You visited 1 branch of the dungeon, and saw 2 of its levels.

You collected 183 gold pieces.
You spent 24 gold pieces at shops.

Inventory:

Missiles
 e - 6 stones (quivered)
 h - 5 javelins
 j - 2 poisoned darts
Armour
 a - a +0 robe (worn)
 b - a +0 kite shield (worn)
Scrolls
 i - a scroll of fog {unknown}
 l - a scroll of identify
 m - a scroll of fear {unknown}
Potions
 f - a potion of attraction
 g - a potion of flight
 k - a potion of heal wounds {unknown}


   Skills:
 + Level 3.4 Fighting
 - Level 2.4 Dodging
 + Level 3.7 Shields
 * Level 4.5 Unarmed Combat


You had 4 spell levels left.
You didn't know any spells.
Your spell library contained the following spells:

 Spells                   Type           Power      Damage    Failure   Level
 Beastly Appendage        Tmut           0%         N/A       75%         1
 Wereblood                Tmut           0%         N/A       87%         2
 Confusing Touch          Hex            0%         N/A       98%         3
 Spider Form              Tmut/Pois      0%         N/A       98%         3
 Yara's Violent Unravell  Hex/Tmut       0%         3d3       100%        5
 Enfeeble                 Hex            0%         N/A       100%        7


Dungeon Overview and Level Annotations

Branches:
Dungeon (2/15)

Altars:

Shops:
D:1 (?

Annotations:
D:2 Robin


Innate Abilities, Weirdness & Mutations

You are too large for most types of armour.
You have claws for hands.
Your natural rate of healing is unusually fast.
You are covered in fur. (AC +1)
You have tough skin. (AC +1)


Message History

You kill the goblin!
The goblin no longer looks unusually strong.
You claw the goblin!
You kill the goblin!
Robin throws the goblin at you! The goblin hits you but does no damage.
You barely miss the goblin.
The goblin is severely wounded.
The goblin hits you with a +0 dagger. The goblin barely misses you.
You claw the goblin!
You kill the goblin!
The hobgoblin no longer looks unusually strong.
The goblin hits you with a +0 dagger.
You miss the goblin. The goblin hits you with a +0 dagger.
The goblin barely misses you.
Robin hits you from afar with a +0 spear.
* * * LOW HITPOINT WARNING * * *
You barely miss the goblin. The goblin hits you but does no damage.
The goblin hits you with a +0 club.
* * * LOW HITPOINT WARNING * * *
The goblin hits you with a +0 dagger.
* * * LOW HITPOINT WARNING * * *
Robin barely misses you.
Unknown command.
You feel better. The goblin hits you with a +0 club.
* * * LOW HITPOINT WARNING * * *
The goblin hits you but does no damage. The goblin completely misses you.
Robin roars a battlecry!
The goblins go into a battle-frenzy!
You feel very mighty all of a sudden. The goblin hits you with a +0 club.
* * * LOW HITPOINT WARNING * * *
The goblin hits you with a +0 dagger.
* * * LOW HITPOINT WARNING * * *
The goblin hits you with a +0 club.
* * * LOW HITPOINT WARNING * * *
Robin closely misses you.
You mangle the goblin!!
You kill the goblin!
The goblin hits you with a +0 club.
You die...

#.######..# ##### #.# #.)#
#...###.######..#
#...............#
#...###.#####...## #######
##.## #.#####.#..###..†..# #.#
#.......#...##.###.#
#.########)#####......#.#
#....# #.@g#...##.#.#.# ####.#
###g#.####.....# #.# #.gg#
###.###### ######.### ###g#
#.##...# #........# #)..#
#....#.# #.####.#.## #gg...#
####...# #.#.......# #..g....#
##..##
#.#.#.....##.........####...##
#.#........+.........+........


You could see Robin, a hobgoblin (strong) and 3 goblins.

Vanquished Creatures
  Sigmund (D:2)
  Natasha (D:2)
  3 adders (D:2)
  An endoplasm (D:1)
  8 goblins
  3 hobgoblins (D:1)
  2 quokkas (D:1)
  5 ball pythons (D:1)
  3 bats (D:1)
  A frilled lizard (D:1)
  3 kobolds (D:2)
  2 rats (D:2)
33 creatures vanquished.

Vanquished Creatures (others)
  2 fungi (D:1)
  4 toadstools (D:1)
6 creatures vanquished.

Grand Total: 39 creatures vanquished

Notes
Turn   | Place    | Note
-------+----------+-------------------------------------------
     0 | D:1      | LustLizard the Troll Fighter began the quest for the Orb.
     0 | D:1      | Reached XP level 1. HP: 22/22 MP: 0/0
    42 | D:1      | Found Boschaw's Antique Weapon Boutique.
   172 | D:1      | Found Dinku's Magic Scroll Boutique.
   181 | D:1      | Bought a scroll of identify for 24 gold pieces
   210 | D:1      | Reached XP level 2. HP: 26/29 MP: 1/1
   759 | D:2      | Reached XP level 3. HP: 34/36 MP: 2/2
  1032 | D:2      | Noticed Natasha
  1041 | D:2      | Killed Natasha
  1042 | D:2      | Reached skill level 3 in Unarmed Combat
  1069 | D:2      | Noticed Sigmund
  1085 | D:2      | Killed Sigmund
  1086 | D:2      | Reached skill level 4 in Unarmed Combat
  1086 | D:2      | Reached XP level 4. HP: 20/45 MP: 3/3
  1086 | D:2      | Reached XP level 5. HP: 23/53 MP: 4/4
  1274 | D:2      | Noticed Robin
  1299 | D:2      | Slain by a goblin

Illustrated notes

Levels and vault maps discovered:
D:1:      minmay_arrival_plants_in_alcoves, layout_basic, serial_shops,
          nicolae_shop_crystal, nicolae_shop_trees,
          chequers_serial_rivers_large_a, hangedman_decor_growths,
          minmay_gold_behind_fungi
D:2:      layout_loops_corners, uniq_sigmund, uniq_robin, uniq_natasha

Skill      XL: |  1  2  3 |
---------------+----------+-----
Shields        | 3 |  3.7
Unarmed Combat | 4 |  4.5
Fighting       | 3 |  3.4
Dodging        | |  2.4

Action                   |  1- 3 |  4- 6 || total
-------------------------+-------+-------++-------
Melee: Unarmed           |    78 |    33 ||   111
  Use: Scroll            |     3 |       ||     3
       Potion            |       |     2 ||     2
Armor: Robe              |    14 |    14 ||    28
Dodge: Dodged            |    27 |    11 ||    38
Block: Kite shield       |    34 |    21 ||    55
